 Dungeon Crawl Stone Soup version 0.17-a0-2073-gde5cdba (webtiles) character file.

4426 Kidiri the Destroyer (level 10, -4/88 HPs)
             Began as a Mottled Draconian Conjurer on Oct 15, 2015.
             Was a Priest of Vehumet.
             Slain by a deep elf knight
             ... wielding a +2 long sword of flaming
              (7 damage)
             ... in a volcano.
             The game lasted 00:50:01 (11980 turns).

Kidiri the Destroyer (Mottled Draconian Conjurer)  Turns: 11980, Time: 00:50:02

Health: -4/88      AC: 16    Str: 12    XL:     10   Next: 14%
Magic:  1/20       EV: 13    Int: 21    God:    Vehumet [***...]
Gold:   296        SH:  0    Dex: 11    Spells: 6 memorised, 4 levels left

rFire  . . .     SeeInvis .     x - +3 dire flail
rCold  . . .     Clarity  .     (armour unavailable)
rNeg   + + .     SustAt   .     (no shield)
rPois  .         Gourm    .     (helmet restricted)
rElec  .         Spirit   .     K - +2 cloak
rCorr  .         Warding  +     p - +2 pair of gloves
rMut   .         Stasis   .     k - +2 pair of boots
MR     .....                    m - amulet of warding
Stlth  ++........               I - ring of positive energy
                                d - +3 ring of intelligence

@: short of breath, not resistant to hostile enchantments, unstealthy
A: breathe sticky flame splash, unfitting armour, robust 1, evolution 1,
cold-blooded, AC +7
a: Breathe Sticky Flame, Renounce Religion


You were in a volcano.
You worshipped Vehumet.
Vehumet was most pleased with you.
You were not hungry.

You visited 3 branches of the dungeon, and saw 10 of its levels.
You also visited: Volcano.

You collected 296 gold pieces.

Inventory:

Hand Weapons
 x - a +3 dire flail (weapon)
 H - a +2 hand axe of distortion
Armour
 k - a +2 pair of boots (worn)
 p - a +2 pair of gloves (worn)
 K - a +2 cloak (worn)
Jewellery
 d - a +3 ring of intelligence (left hand)
 m - an amulet of warding (around neck)
 u - an uncursed ring of ice
 y - an uncursed ring of wizardry
 C - an uncursed ring of wizardry
 I - a ring of positive energy (right hand)
Wands
 r - a wand of flame (25)
 s - a wand of teleportation (7)
 F - a wand of random effects (31)
Scrolls
 f - 2 scrolls of fear
 h - 2 scrolls of noise
 j - 4 scrolls of amnesia
 n - 3 scrolls of remove curse
 o - 5 scrolls of teleportation
 q - 3 scrolls of blinking
 v - a scroll of recharging
Potions
 e - 2 potions of curing
 i - a potion of cancellation
 l - 2 potions of haste
 t - a potion of agility
 z - 2 potions of flight
 G - a potion of brilliance
 J - a potion of poison
 L - 2 potions of invisibility {unknown}
Books
 a - a book of Conjurations

   Spells                             Type                      Level
   a - Magic Dart                     Conjuration                  1
   b - Searing Ray                    Conjuration                  2
   c - Dazzling Spray                 Conjuration/Hexes            3
   d - Fulminant Prism                Conjuration/Hexes            4
   e - Iskenderun's Mystic Blast      Conjuration                  4
   f - Iskenderun's Battlesphere      Conjuration/Charms           5
 c - a book of the Sky

   Spells                             Type                      Level
   a - Summon Lightning Spire         Summoning/Air                4
   b - Airstrike                      Air                          4
   c - Silence                        Hexes/Air                    5
   d - Deflect Missiles               Charms/Air                   6
   e - Conjure Ball Lightning         Conjuration/Air              6
   f - Tornado                        Air                          9
 A - a book of the Dragon

   Spells                             Type                      Level
   a - Flame Tongue                   Conjuration/Fire             1
   b - Cause Fear                     Hexes                        4
   c - Bolt of Fire                   Conjuration/Fire             6
   d - Dragon Form                    Transmutation                7
   e - Dragon's Call                  Summoning                    9
Comestibles
 b - 6 bread rations
 B - a meat ration
 D - 6 chunks of flesh


   Skills:
 + Level 4.9 Fighting
 + Level 4.8 Maces & Flails
 + Level 4.8 Dodging
 + Level 4.8 Stealth
 * Level 6.7 Spellcasting
 * Level 8.2 Conjurations
 + Level 3.8 Hexes
 + Level 2.3 Air Magic


You had 4 spell levels left.
You knew the following spells:

 Your Spells              Type           Power        Failure   Level  Hunger
a - Magic Dart            Conj           ####         1%          1    None
b - Searing Ray           Conj           #####.       1%          2    None
c - Dazzling Spray        Conj/Hex       ####....     1%          3    #......
d - Fulminant Prism       Conj/Hex       ####......   2%          4    ###....
e - Iskenderun's Mystic   Conj           #####...     1%          4    ###....
f - Airstrike             Air            ###.......   10%         4    ###....


Dungeon Overview and Level Annotations

Branches:
Dungeon (8/15)             Temple (1/1) D:4            Lair (1/8) D:8

Altars:
Ashenzari
Cheibriados
Dithmenos
Elyvilon
Fedhas
Gozag
Kikubaaqudgha
Makhleb
Nemelex Xobeh
Okawaru
Qazlal
Ru
Sif Muna
Trog
Vehumet
Xom
Yredelemnul
Zin
The Shining One

Shops:
D:5 [   D:6 %   D:7 =


Innate Abilities, Weirdness & Mutations

You can spit globs of burning liquid.
You can ignite nearby creatures when you spit burning liquid.
Your weird mottled scales are hard (AC +7).
Your body does not fit into most forms of armour.
You are cold-blooded and may be slowed by cold attacks.
You are robust (+10% HP).
You evolve.


Message History

Unknown command.
Drink which item? (? for menu, Esc to quit)
It was a potion of poison.
That liquid tasted very nasty...
You are poisoned.
You feel sick.
The deep elf knight hits you with a long sword of flaming!
* * * LOW HITPOINT WARNING * * *
The deep elf knight burns you.
* * * LOW HITPOINT WARNING * * *
The deep elf priest invokes the aid of its god against you.
Something smites you!
* * * LOW HITPOINT WARNING * * *
Drink which item? (? for menu, Esc to quit)
You feel better.
The deep elf knight hits you with a long sword of flaming!
* * * LOW HITPOINT WARNING * * *
The deep elf knight burns you.
* * * LOW HITPOINT WARNING * * *
The deep elf knight hits you with a long sword of flaming!
You die...

#≈≈§≈§ ##§§≈§. #§≈≈≈∩$
#≈≈≈≈[) #§§§≈$. #§≈≈§!
#≈≈≈§e## ###
#e###..###. ##@........
## ###.....≈≈≈ ##≈
##....≈≈≈§≈≈ #§≈##
#....≈≈≈§§§≈ ##≈≈≈##
##...§≈§≈§§≈ #§≈..≈##
#.....≈≈§≈≈≈ #≈..∩≈≈#
###.....≈≈≈≈
##....∩#####......§≈≈.≈
##.....##..##.........


You could see a deep elf knight and a deep elf priest.

Vanquished Creatures
  A fire drake (Lair:1)
  Grinder (D:3)
  A hippogriff (D:8)
  A deep elf fighter (Volcano)
  2 ice beasts (D:6)
  3 sky beasts
  A wasp (D:8)
  5 orc warriors
  A black bear (D:7)
  2 centaurs (D:5)
  7 giant frogs
  A scorpion (D:7)
  10 wights
  7 orc wizards
  5 crimson imps
  7 orc priests
  6 hounds
  2 jellies
  A centaur zombie (D:5)
  2 giant frog skeletons
  Jessica (D:2)
  4 iguanas
  Natasha (thrice) (D:2)
  4 worker ants
  A hound zombie (D:4)
  A worker ant zombie (D:5)
  2 hound skeletons
  6 adders
  A shadow imp (D:6)
  2 adder zombies
  2 adder skeletons
  5 worms
  3 giant geckos
  39 orcs
  A ball python (D:1)
  7 goblins
  8 hobgoblins
  4 jackals
  6 kobolds
  A quokka (D:8)
  8 bats
  8 giant cockroaches
  A giant cockroach zombie (D:6)
  4 giant newts
  A jackal skeleton (D:4)
  5 rats
  4 fungi (D:1)
198 creatures vanquished.

Vanquished Creatures (collateral kills)
  3 killer bees (D:8)
3 creatures vanquished.

Vanquished Creatures (others)
  2 fulminant prisms
2 creatures vanquished.

Grand Total: 203 creatures vanquished

Notes
Turn   | Place    | Note
--------------------------------------------------------------
     0 | D:1      | Kidiri the Draconian Conjurer began the quest for the Orb.
     0 | D:1      | Reached XP level 1. HP: 14/14 MP: 3/3
   640 | D:1      | Reached XP level 2. HP: 22/22 MP: 1/5
   712 | D:1      | Learned a level 2 spell: Searing Ray
  1436 | D:1      | Reached XP level 3. HP: 27/27 MP: 1/6
  1455 | D:1      | Learned a level 3 spell: Dazzling Spray
  1667 | D:2      | Found a bloodstained altar of Trog.
  1678 | D:2      | Found a faded altar to an unknown god.
  1702 | D:2      | Noticed Natasha
  1711 | D:2      | Killed Natasha
  1774 | D:2      | Noticed Natasha
  1784 | D:2      | Killed Natasha
  1784 | D:2      | Reached skill level 1 in Maces & Flails
  1784 | D:2      | Reached XP level 4. HP: 32/34 MP: 3/7
  1803 | D:2      | Noticed Natasha
  1894 | D:2      | Killed Natasha
  2095 | D:2      | Noticed Jessica
  2102 | D:2      | Killed Jessica
  2102 | D:2      | Reached skill level 1 in Fighting
  2731 | D:3      | Found a shimmering altar of Xom.
  2731 | D:3      | Found a sparkling altar of Nemelex Xobeh.
  2731 | D:3      | Found a glowing silver altar of Zin.
  2732 | D:3      | Found a basalt altar of Yredelemnul.
  2735 | D:3      | Found a radiant altar of Vehumet.
  2735 | D:3      | Found a white marble altar of Elyvilon.
  2736 | D:3      | Found a deep blue altar of Sif Muna.
  2752 | D:3      | Became a worshipper of Vehumet
  3020 | D:3      | Reached skill level 1 in Hexes
  3020 | D:3      | Reached XP level 5. HP: 20/40 MP: 0/9
  3444 | D:3      | Noticed Grinder
  3451 | D:3      | Paralysed by Grinder for 3 turns
  3463 | D:3      | Paralysed by Grinder for 6 turns
  3487 | D:3      | Paralysed by Grinder for 2 turns
  3490 | D:3      | Killed Grinder
  3490 | D:3      | Reached skill level 5 in Conjurations
  3490 | D:3      | Reached XP level 6. HP: 35/48 MP: 0/10
  3573 | D:3      | Learned a level 4 spell: Fulminant Prism
  4889 | D:4      | Found a staircase to the Ecumenical Temple.
  4899 | Temple   | Entered the Ecumenical Temple
  5266 | D:5      | Entered Level 5 of the Dungeon
  5470 | D:5      | Your scales start taking on a weird mottled colour.
  5470 | D:5      | Reached XP level 7. HP: 55/55 MP: 0/12
  5931 | D:5      | Found Morycip's Armour Emporium.
  5945 | D:5      | Reached * piety under Vehumet
  5945 | D:5      | Offered knowledge of Sting by Vehumet.
  6492 | D:4      | Learned a level 4 spell: Iskenderun's Mystic Blast
  6656 | D:5      | Reached skill level 6 in Conjurations
  7175 | D:6      | Reached XP level 8. HP: 53/62 MP: 7/14
  7858 | D:6      | Found Xelurr's Food Shop.
  7871 | D:6      | Reached skill level 5 in Spellcasting
  7987 | D:6      | Found a bloodstained altar of Trog.
  8017 | D:6      | Reached skill level 7 in Conjurations
  8309 | D:6      | Reached XP level 9. HP: 71/71 MP: 15/17
  8319 | D:6      | Learned a level 4 spell: Airstrike
  8847 | D:7      | Reached ** piety under Vehumet
  8847 | D:7      | Offered knowledge of Throw Frost by Vehumet.
  9239 | D:7      | Reached skill level 1 in Air Magic
  9663 | D:7      | Offered knowledge of Stone Arrow by Vehumet.
 10086 | D:7      | Found Quxke's Jewellery Shoppe.
 10724 | D:8      | Gained mutation: You evolve. [mutagenic meat]
 10725 | D:8      | Gained mutation: You are robust (+10% HP). [mutagenic meat]
 11023 | D:8      | Reached skill level 8 in Conjurations
 11108 | D:8      | Found a staircase to the Lair.
 11115 | D:8      | Reached *** piety under Vehumet
 11367 | D:8      | Found a stormy altar of Qazlal.
 11416 | D:8      | Reached XP level 10. HP: 88/88 MP: 11/19
 11552 | D:8      | Found an ancient bone altar of Kikubaaqudgha.
 11894 | Lair:1   | Entered Level 1 of the Lair of Beasts
 11917 | Lair:1   | Found a dark tunnel.
 11939 | Volcano  | Entered a volcano
 11964 | Volcano  | Noticed a deep elf knight
 11980 | Volcano  | HP: 3/88 [deep elf knight/long sword of flaming (3)]
 11980 | Volcano  | Slain by a deep elf knight

Vault maps used:
D:1:      dpeg_arrival_prison, minmay_tree_intersection
D:2:      lemuel_crystal_altar, ecumenical_altar_2, uniq_natasha, uniq_jessica
D:3:      grunt_temple_overflow_open, first_bread, uniq_grinder
D:4:      minmay_temple_entry_butterflies
D:5:      serial_shops, nicolae_shop_waterfront
D:6:      serial_shops, nicolae_shop_stone, lemuel_tele_altar
D:7:      serial_shops, shop
D:8:      lair_0_dummy, basic_altar, nicolae_qazlal_eye_of_the_storm
Temple:   triangle_lava_temple_11
Lair:1:   enter_volcano_3, portal_ice_cave_entry_ice_beasts,
          serial_bayou_pond_c, grunt_forest_stairs_basic, zaba_antful_of_joy
Volcano:  volcano_pools

Action                   |  1- 3 |  4- 6 |  7- 9 | 10-12 || total
-------------------------+-------+-------+-------+-------++-------
Melee: Unarmed           |   126 |       |       |       ||   126
       Dagger            |    12 |       |       |       ||    12
       Club              |    33 |    43 |     2 |       ||    78
       Mace              |       |       |    13 |       ||    13
       Dire flail        |       |       |   107 |    18 ||   125
 Cast: Magic Dart        |    61 |   112 |   216 |     8 ||   397
       Searing Ray       |     2 |     8 |    14 |     4 ||    28
       Dazzling Spray    |       |     7 |    48 |     1 ||    56
       Fulminant Prism   |       |       |     2 |       ||     2
       Iskenderun's Myst |       |       |     1 |       ||     1
       Airstrike         |       |       |       |     2 ||     2
 Abil: Breathe Sticky Fl |       |       |    11 |     1 ||    12
  Use: Scroll            |     2 |    13 |    14 |     1 ||    30
       Potion            |       |     2 |     1 |     3 ||     6
 Stab: Invisible         |       |       |     8 |       ||     8
       Sleeping          |       |       |     3 |     1 ||     4
  Eat: Chunk             |     4 |     3 |     9 |       ||    16
       Meat ration       |       |     2 |     1 |     1 ||     4
       Pizza             |       |     2 |       |       ||     2
       Beef jerky        |       |     1 |     1 |       ||     2
       Royal jelly       |       |       |     1 |       ||     1
       Fruit             |       |       |     2 |       ||     2
